 Dungeon Crawl Stone Soup version 0.31-a0-214-gb37851dbb3 (webtiles) character file.

Game seed: 12459363873618862666

564 qw the Shooter (level 7, 0/59 HPs)
             Began as a Minotaur Hexslinger on July 1, 2023.
             Slain by a human zombie (2 damage)
             ... in an ossuary.
             The game lasted 00:01:25 (2832 turns).

qw the Shooter (Minotaur Hexslinger)                Turns: 2832, Time: 00:01:26

Health: 0/59       AC: 11    Str: 12    XL:     7   Next: 10%
Magic:  7/7        EV: 11    Int: 10    God:
Gold:   125        SH:  0    Dex: 15    Spells: 7/8 levels left

rFire   + . .        Y - +1 sling
rCold   . . .        (no shield)
rNeg    . . .        e - +0 ring mail
rPois   .            (helmet restricted)
rElec   .            a - +0 cloak
rCorr   .            c - +2 pair of gloves
SInv    .            g - +1 pair of boots
Will    .....        (no amulet)
Stlth   +            k - ring of protection from fire
HPRegen 0.29/turn    (no ring)
MPRegen 0.10/turn

%: no passive effects
@: no status effects
A: horns 2, retaliatory headbutt
a: no special abilities


You were in an ossuary.
You visited 1 branch of the dungeon, and saw 4 of its levels.
You also visited: Ossuary.

You collected 125 gold pieces.


Innate Abilities, Weirdness & Mutations

You have a pair of horns on your head.
You reflexively headbutt those who attack you in melee.


   Skills:
 - Level 4.2 Fighting
 + Level 7.3 Ranged Weapons
 - Level 2.0 Armour
 - Level 2.1 Dodging
 - Level 1.0 Spellcasting
 - Level 2.0 Hexes


You had 7 spell levels left.
You knew the following spells:

 Your Spells              Type           Power      Damage    Failure   Level
a - Slow                  Hex            16%        N/A       32%         1

Your spell library contained the following spells:

 Spells                   Type           Power      Damage    Failure   Level
 Inner Flame              Hex/Fire       2%         N/A       83%         3
 Portal Projectile        Hex/Tloc       4%         N/A       83%         3
 Cause Fear               Hex            2%         N/A       97%         4

Inventory:

Hand Weapons
 Y - a +1 sling (weapon)
Armour
 a - a +0 cloak (worn)
 c - a +2 pair of gloves (worn)
 e - a +0 ring mail (worn)
 g - a +1 pair of boots (worn)
Jewellery
 i - a ring of ice
 k - a ring of protection from fire (left hand)
Scrolls
 l - 3 scrolls of blinking {unknown}
 m - 2 scrolls of fear {unknown}
Potions
 b - 2 potions of mutation {unknown}
 d - a potion of magic {unknown}
 f - 4 potions of curing
 h - a potion of heal wounds {unknown}

Dungeon Overview and Level Annotations

Branches:
Dungeon (4/15)            Ossuary (1/1)
 Temple: D:4-7

Altars:
Nemelex Xobeh

Shops:
D:2 :


Message History

The human zombie hits you but does no damage.
The elf zombie barely misses you.
You shoot a sling bullet. The sling bullet hits the elf zombie.
The elf zombie is heavily damaged.
The human zombie barely misses you. The elf zombie hits you.
You shoot a sling bullet. The sling bullet hits the elf zombie.
The elf zombie is severely damaged.
The human zombie closely misses you. You furiously retaliate!
You headbutt the human zombie! You shoot a sling bullet.
The sling bullet hits the elf zombie.
The elf zombie is severely damaged.
The elf zombie closely misses you.
The human zombie hits you but does no damage.
You shoot a sling bullet. The sling bullet hits the elf zombie.
The elf zombie is severely damaged.
The elf zombie hits you but does no damage.
The human zombie hits you but does no damage.
You shoot a sling bullet. The sling bullet hits the elf zombie.
The elf zombie is severely damaged.
The elf zombie barely misses you. The human zombie hits you.
You shoot a sling bullet. The sling bullet hits the elf zombie.
The elf zombie is almost destroyed.
The elf zombie barely misses you. The human zombie hits you.
You shoot a sling bullet. The sling bullet hits the elf zombie.
The elf zombie is almost destroyed.
The elf zombie hits you but does no damage.
The human zombie closely misses you.
You shoot a sling bullet. The sling bullet hits the elf zombie.
The elf zombie is almost destroyed.
The elf zombie hits you. The human zombie hits you.
You shoot a sling bullet. The sling bullet hits the elf zombie.
The elf zombie is almost destroyed.
The elf zombie barely misses you. The human zombie hits you.
You shoot a sling bullet. The sling bullet hits the elf zombie.
The elf zombie is almost destroyed.
The elf zombie hits you.
You shoot a sling bullet.
The sling bullet barely misses the elf zombie.
The human zombie hits you.
You die...

#.......# ##.....##
###.### #'# ###.### #####
# ##.....## ##...## ...
#.......# #.....#
.....###.Z.\...###.....##
......'...@\\...'.......#
.....###.Z.\...###.....##
... #.......# #.....# #
##.....## ##...## ###.###
##### #'# #.# ... .....


You could see an elf zombie and a human zombie.

Vanquished Creatures
  2 elf zombies (Ossuary)
  6 centaur zombies (Ossuary)
  A hound (D:3)
  2 human zombies (Ossuary)
  3 mummies (Ossuary)
  A gnoll (D:1)
  4 adders
  4 worms
  3 dart slugs
  4 orcs
  2 ball pythons
  9 bats
  8 endoplasms
  3 giant cockroaches
  4 goblins
  2 hobgoblins
  3 jackals (D:1)
  4 kobolds
  A frilled lizard (D:2)
  6 rats
72 creatures vanquished.

Notes
Turn   | Place    | Note
-------+----------+-------------------------------------------
     0 | D:1      | qw the Minotaur Hexslinger began the quest for the Orb.
     0 | D:1      | Reached XP level 1. HP: 16/16 MP: 1/1
     0 | D:1      | 0 ||| qw: Version: 0.3-a-32-g5962c71
     0 | D:1      | 0 ||| qw: Game counter: 7496
     0 | D:1      | 0 ||| qw: Melee chars always use a shield: true
     0 | D:1      | 0 ||| qw: God list: Okawaru
     0 | D:1      | 0 ||| qw: Allow faded altars: false
     0 | D:1      | 0 ||| qw: Do Orc after clearing Dungeon:15 true
     0 | D:1      | 0 ||| qw: Do second Lair branch before Depths: true
     0 | D:1      | 0 ||| qw: Lair rune preference: random
     0 | D:1      | 0 ||| qw: Goals: Normal
     0 | D:1      | 0 ||| PLANNING D:1-11
    69 | D:1      | Reached skill level 3 in Ranged Weapons
    69 | D:1      | Reached XP level 2. HP: 23/23 MP: 2/2
   478 | D:1      | Reached XP level 3. HP: 26/29 MP: 3/3
   686 | D:1      | 686 ||| UPGRADING to +0 leather armour.
   696 | D:1      | 696 ||| DROPPING +0 robe.
   697 | D:1      | 697 ||| READING scroll labelled QOLLAH CUEFATO.
   749 | D:1      | 749 ||| READING scroll labelled ZAPYEF EBOJO.
   750 | D:1      | 750 ||| READING scroll labelled HELUWA XAMNEPN.
   751 | D:1      | 751 ||| READING scroll labelled QINKEG POUMUTI.
   752 | D:1      | 752 ||| DROPPING scroll of poison.
   815 | D:2      | Found Hewud's Book Emporium.
   879 | D:2      | Reached skill level 4 in Ranged Weapons
   901 | D:2      | Found a sparkling altar of Nemelex Xobeh.
  1093 | D:2      | Reached XP level 4. HP: 27/36 MP: 4/4
  1246 | D:2      | Identified the +0 mace "Forph" {pain, rPois rCorr Int+2}
  1414 | D:2      | 1414 ||| UPGRADING to +0 ring mail.
  1424 | D:2      | 1424 ||| DROPPING +0 leather armour.
  1425 | D:2      | 1425 ||| UPGRADING to +0 pair of boots.
  1430 | D:2      | 1430 ||| UPGRADING to +0 pair of gloves.
  1435 | D:2      | 1435 ||| READING scroll of enchant armour.
  1435 | D:2      | 1435 ||| ENCHANTING +0 pair of gloves.
  1436 | D:2      | 1436 ||| UPGRADING to ring of protection from fire.
  1437 | D:2      | 1437 ||| READING scroll labelled TYFAIMA DASET.
  1438 | D:2      | 1438 ||| READING scroll labelled ECKOMY PAIPSE.
  1439 | D:2      | 1439 ||| READING scroll labelled HARUGG CONAZU.
  1440 | D:2      | 1440 ||| DRINKING 2 bubbling blue potions.
  1588 | D:3      | Reached skill level 1 in Armour
  1803 | D:3      | Reached skill level 5 in Ranged Weapons
  2068 | D:3      | 2068 ||| UPGRADING to +2 pair of gloves.
  2078 | D:3      | 2078 ||| DROPPING +1 pair of gloves.
  2079 | D:3      | 2079 ||| READING scroll labelled AMAYNKA AKUFO.
  2100 | D:4      | 2100 ||| PLANNING OSSUARY
  2103 | D:4      | 2103 ||| STAIRDANCE
  2113 | D:3      | Reached XP level 5. HP: 17/44 MP: 5/5
  2234 | D:4      | Reached skill level 3 in Fighting
  2325 | D:4      | Found a sand-covered staircase.
  2327 | D:4      | 2327 ||| UPGRADING to +0 cloak.
  2338 | Ossuary  | Entered an ossuary
  2360 | Ossuary  | 2360 ||| READING scroll of enchant armour.
  2360 | Ossuary  | 2360 ||| ENCHANTING +0 pair of boots.
  2415 | Ossuary  | Reached skill level 6 in Ranged Weapons
  2431 | Ossuary  | Reached XP level 6. HP: 35/52 MP: 6/6
  2530 | Ossuary  | HP: 11/52 [centaur zombie (4)]
  2531 | Ossuary  | 2531 ||| READING 2 scrolls of teleportation.
  2534 | Ossuary  | 2534 ||| READING scroll of teleportation.
  2535 | Ossuary  | HP: 10/52 [centaur zombie (1)]
  2797 | Ossuary  | Reached skill level 7 in Ranged Weapons
  2797 | Ossuary  | Reached XP level 7. HP: 49/59 MP: 7/7
  2797 | Ossuary  | 2797 ||| FLEEEEING.
  2798 | Ossuary  | 2798 ||| FLEEEEING.
  2799 | Ossuary  | 2799 ||| FLEEEEING.
  2812 | Ossuary  | HP: 13/59 [human zombie (3)]
  2822 | Ossuary  | HP: 14/59 [elf zombie (3)]
  2827 | Ossuary  | HP: 9/59 [human zombie (3)]
  2830 | Ossuary  | HP: 2/59 [human zombie (5)]
  2832 | Ossuary  | Slain by a human zombie

Levels and vault maps discovered:
D:1:      lordsloth_arrival_two_stooges, layout_loops_ring,
          serial_park_tiny_pond
D:2:      layout_rooms, serial_shops, shop, basic_altar,
          minmay_misc_feat_nine_boxes, minmay_misc_feat_doors, chequers_jeans,
          nrook_mini_backslash, minmay_pentomino_q2
D:3:      layout_loops_cross
D:4:      layout_rooms, mainiacjoe_overflow_surrounded_room,
          gammafunk_ghost_arena, enter_ossuary_1, kennysheep_generic_room_11
Ossuary:  ossuary_minmay_four_chambers

Skill      XL: |  1  2  3  4  5  6 |
---------------+-------------------+-----
Ranged Weapons | 3 4 5 6 7 |  7.3
Fighting       | 2 3 4 |  4.2
Armour         | 1 2 |  2.0
Dodging        | |  2.1
Spellcasting   | |  1.0
Hexes          | |  2.0

Action                     |  1- 3 |  4- 6 |  7- 9 || total
---------------------------+-------+-------+-------++-------
   Fire: Sling             |   120 |   237 |    33 ||   390
    Use: Scroll            |     4 |     8 |       ||    12
         Potion            |       |     1 |       ||     1
 Armour: Robe              |     2 |       |       ||     2
         Leather armour    |     3 |       |       ||     3
         Ring mail         |       |   117 |    21 ||   138
  Dodge: Dodged            |    28 |   108 |    22 ||   158

Table legend:
 A = Non-vault XP
 B = Vault XP
 C = Vault XP percentage of total XP
 D = Non-vault monster count
 E = Vault monster count
 F = Vault count percentage of total count
                 A         B        C        D         E       F
            +---------+---------+-------+---------+---------+-------
      Total |     216 |     591 |  73.2 |      58 |      14 |  19.4
            +---------+---------+-------+---------+---------+-------
        D:1 |      48 |       0 |   0.0 |      19 |       0 |   0.0
        D:2 |      67 |       5 |   6.9 |      23 |       1 |   4.2
        D:3 |      90 |       0 |   0.0 |      12 |       0 |   0.0
        D:4 |      11 |       0 |   0.0 |       4 |       0 |   0.0
    Ossuary |       0 |     586 | 100.0 |       0 |      13 | 100.0
            +---------+---------+-------+---------+---------+-------
